 Dungeon Crawl Stone Soup version 0.31.0-9-g3a7656b989 (webtiles) character file.

Game seed: 16417111906092490327

2265548 EnegeticOcto the Forbidden One (level 27, 217/217 HPs)
             Began as a Mummy Hunter on Feb 1, 2024.
             Was a High Priest of Nemelex Xobeh.
             Escaped with the Orb
             ... and 4 runes!
             The game lasted 02:53:02 (74064 turns).

EnegeticOcto the Forbidden One (Mummy Hunter)      Turns: 74064, Time: 02:53:02

Health: 217/217    AC: 20    Str: 11 (12) XL:     27
Magic:  40/40      EV: 43    Int:  6      God:    Nemelex Xobeh [*****.]
Gold:   8744       SH:  0    Dex: 38      Spells: 20/26 levels left

rFire   + . .        a - +9 longbow (heavy)
rCold   + + .        (shield currently unavailable)
rNeg    + + +        X - +3 troll leather armour "Imywn" {*Corrode rElec rN+++ Regen+ SInv}
rPois   ∞            e - +2 helmet
rElec   +            f - +4 dragonskin cloak
rCorr   .            B - +0 pair of gloves {Dex+3}
SInv    +            j - +1 pair of boots "Odokos" {rC+ Int-5 Dex+3}
Will    +++..        P - amulet of guardian spirit
Stlth   ++           d - ring of Bixto {rPois rF++ rN+ Str-3 Stlth+}
HPRegen 1.36/turn    w - +6 ring of dexterity
MPRegen 0.27/turn

%: corrode self (3%), guardian spirit, faith
@: studying 3 skills
A: cold resistance 1, negative energy resistance 3, torment resistance 2, heat
vulnerability 1, in touch with death 2, no potions, faith
0: Orb of Zot
}: 4/15 runes: barnacled, slimy, silver, gossamer
a: Renounce Religion, Draw Escape, Draw Destruction, Draw Summoning, Draw Stack,
Triple Draw, Deal Four, Stack Five


You escaped.
You worshipped Nemelex Xobeh.
Nemelex Xobeh was extremely pleased with you.
You visited 12 branches of the dungeon, and saw 56 of its levels.
You also visited: Trove, Sewer, Ossuary and Ice Cave.

You collected 9881 gold pieces.
You spent 1137 gold pieces at shops.

Inventory:

Hand Weapons
 a - a +9 heavy longbow (weapon)
   (You acquired it in an ossuary)
 b - the +9 trident "Luost" {freeze, rElec rN+++ rCorr Str-4}
   (You found it in a sewer)

   Str-4:     It affects your strength (-4).
   rElec:     It insulates you from electricity.
   rN+++:     It renders you almost immune to negative energy.
   rCorr:     It protects you from acid and corrosion.
 h - a +1 short sword of distortion
   (You found it on level 12 of the Dungeon)
 G - a +0 triple crossbow
   (You found it on level 2 of the Shoals)
 H - a +3 hand cannon of freezing
   (You took it off a vault sentinel on level 5 of the Vaults)
 J - a +2 heavy hand axe
   (You took it off an orc priest on level 2 of the Orcish Mines)
 T - a +8 longbow of freezing
   (You found it on level 1 of the Depths)
Missiles
 u - 5 curare-tipped darts
 C - a throwing net {!f}
Armour
 e - a +2 helmet (worn)
   (You found it on level 2 of the Dungeon)
 f - the +4 dragonskin cloak (worn)
   (You took it off Tiamat on level 4 of the Realm of Zot)

   Avatar's Aegis: It grants the wearer a chance to resist fire, cold, poison,
   electricity, acid, and negative energy.
 j - the +1 pair of boots "Odokos" (worn) {rC+ Int-5 Dex+3}
   (You found it in a treasure trove)

   Int-5:     It affects your intelligence (-5).
   Dex+3:     It affects your dexterity (+3).
   rC+:       It protects you from cold.
 m - the +0 pair of gloves of Gestures {rElec rN+ Will+ Dex-2}
   (You found it on level 14 of the Dungeon)

   Dex-2:     It affects your dexterity (-2).
   rElec:     It insulates you from electricity.
   rN+:       It protects you from negative energy.
   Will+:     It increases your willpower.
 x - a +0 troll leather armour
   (You found it on level 13 of the Dungeon)
 B - a +0 pair of gloves of dexterity (worn)
   (You found it in a treasure trove)
 D - a scarf of resistance
   (You found it on level 9 of the Dungeon)
 U - a +1 kite shield of protection
   (You took it off a tengu warrior on level 1 of the Depths)
 X - the +3 troll leather armour "Imywn" (worn) {*Corrode rElec rN+++ Regen+ SInv}
   (You took it off an ironbound convoker on level 5 of the Vaults)

   rElec:     It insulates you from electricity.
   rN+++:     It renders you almost immune to negative energy.
   SInv:      It lets you see invisible.
   Regen+:    It increases your rate of health regeneration.
   *Corrode:  It may corrode you when you take damage.
 Y - a +2 cloak
   (You took it off a draconian scorcher on level 1 of the Realm of Zot)
Magical Staves
 p - a staff of fire
   (You found it on level 4 of the Shoals)
Jewellery
 d - the ring of Bixto (left hand) {rPois rF++ rN+ Str-3 Stlth+}
   (You took it off a vampire knight on level 3 of the Crypt)

   [ring of positive energy]

   Str-3:     It affects your strength (-3).
   rF++:      It greatly protects you from fire.
   rPois:     It protects you from poison rN+: It protects you from negative
   energy.
   Stlth+:    It makes you more stealthy.
 g - a ring of willpower
   (You found it on level 2 of the Dungeon)
 q - the ring "Cikhan Voasm" {rElec rF+ rC- rCorr Dex+3}
   (You found it on level 5 of the Pits of Slime)

   [ring of protection from fire]

   Dex+3:     It affects your dexterity (+3).
   rF+:       It protects you from fire.
   rC-:       It makes you vulnerable to cold.
   rElec:     It insulates you from electricity.
   rCorr:     It protects you from acid and corrosion.
 s - the ring "Zoegg" {Fly Dex+3}
   (You found it on level 5 of the Pits of Slime)

   [ring of flight]

   Dex+3:     It affects your dexterity (+3).
   Fly:       It grants you flight.
 w - a +6 ring of dexterity (right hand)
   (You found it on level 4 of the Shoals)
 y - a ring of willpower
   (You took it off Erica on level 8 of the Dungeon)
 K - a ring of see invisible
   (You found it on level 1 of the Lair of Beasts)
 L - a +4 ring of protection
   (You found it on level 1 of the Lair of Beasts)
 P - an amulet of guardian spirit (around neck)
   (You found it on level 4 of the Shoals)
 R - a ring of protection from fire
   (You found it on level 3 of the Spider Nest)
 S - a +5 ring of evasion
   (You took it off a red draconian on level 2 of the Realm of Zot)
Wands
 r - a wand of polymorph (16)
   (You found it on level 8 of the Dungeon)
 z - a wand of iceblast (42) {@v2}
   (You found it on level 7 of the Dungeon)
 A - a wand of charming (19)
   (You found it on level 3 of the Crypt)
 E - a wand of mindburst (14)
   (You found it on level 9 of the Dungeon)
 O - a wand of acid (9) {@v1}
   (You found it on level 4 of the Shoals)
Scrolls
 c - 5 scrolls of brand weapon
 i - 6 scrolls of immolation
 k - 7 scrolls of poison {!r}
 l - 6 scrolls of fog {!r}
 n - a scroll of silence {!r}
 o - 7 scrolls of revelation {@r5 !r}
 F - 16 scrolls of teleportation {@r3 !r}
 I - 8 scrolls of blinking {@r4}
 M - a scroll of butterflies {!r}
 N - 6 scrolls of vulnerability
Miscellaneous
 t - a box of beasts
   (You found it on level 3 of the Crypt)
 v - a condenser vane
   (You found it on level 3 of the Crypt)
 Q - a phantom mirror
   (You found it on level 4 of the Vaults)
 V - a phial of floods
   (You found it on level 5 of the Vaults)


   Skills:
 + Level 18.1 Fighting
 - Level 21.3 Ranged Weapons
 - Level 10.0 Armour
 + Level 22.7 Dodging
 - Level 4.0 Stealth
 - Level 9.0 Translocations
 O Level 27 Invocations


You had 20 spell levels left.
You knew the following spells:

 Your Spells              Type           Power      Damage    Failure   Level
a - Apportation           Tloc           20%        N/A       1%          1
p - Passwall              Erth           0%         N/A       88%         3
Y - Blink                 Tloc           20%        N/A       2%          2

Your spell library contained the following spells:

 Spells                   Type           Power      Damage    Failure   Level
 Lesser Beckoning         Tloc           20%        N/A       2%          2
 Gell's Gravitas          Tloc           10%        N/A       4%          3
 Teleport Other           Tloc           10%        N/A       4%          3
 Momentum Strike          Conj/Tloc      10%        3d8       14%         2
 Manifold Assault         Tloc           10%        N/A       16%         4
 Passage of Golubria      Tloc           10%        N/A       16%         4
 Volatile Blastmotes      Fire/Tloc      10%        2d10      28%         3
 Foxfire                  Conj/Fire      0%         2x1d4     52%         1
 Freeze                   Ice            0%         1d3       52%         1
 Kiss of Death            Conj/Necr      0%         2d5       52%         1
 Necrotise                Necr           0%         1d4       52%         1
 Sandblast                Erth           0%         2d4       52%         1
 Shock                    Conj/Air       0%         1d3       52%         1
 Sting                    Conj/Alch      0%         1d3       52%         1
 Summon Small Mammal      Summ           0%         N/A       52%         1
 Call Imp                 Summ           0%         N/A       67%         2
 Cigotuvi's Dreadful Rot  Necr/Alch/Air  0%         N/A       67%         2
 Ensorcelled Hibernation  Hex/Ice        0%         N/A       67%         2
 Jinxbite                 Hex            0%         N/A       67%         2
 Mercury Vapours          Alch/Air       0%         N/A       67%         2
 Scorch                   Fire           0%         2d5       67%         2
 Dimensional Bullseye     Hex/Tloc       2%         N/A       67%         4
 Iskenderun's Mystic Bla  Conj/Tloc      5%         2d3       67%         4
 Vhi's Electric Charge    Tloc/Air       10%        N/A       67%         4
 Confusing Touch          Hex            0%         N/A       88%         3
 Dazzling Flash           Conj/Hex       0%         N/A       88%         3
 Frozen Ramparts          Ice            0%         1d1       88%         3
 Hailstorm                Conj/Ice       0%         3d5       88%         3
 Inner Flame              Hex/Fire       0%         N/A       88%         3
 Ozocubu's Armour         Ice            0%         N/A       88%         3
 Sigil of Binding         Hex            0%         N/A       88%         3
 Stone Arrow              Conj/Erth      0%         3d7       88%         3
 Summon Ice Beast         Ice/Summ       0%         N/A       88%         3
 Swiftness                Air            0%         N/A       88%         3
 Tukima's Dance           Hex            0%         N/A       88%         3
 Vampiric Draining        Necr           0%         2d6       88%         3
 Dispersal                Tloc           5%         N/A       93%         6
 Summon Forest            Summ/Tloc      2%         N/A       95%         5
 Airstrike                Air            0%         2d(0-16)  99%         4
 Anguish                  Hex/Necr       0%         N/A       99%         4
 Animate Armour           Summ/Erth      0%         N/A       99%         4
 Brom's Barrelling Bould  Conj/Erth      0%         2d3       99%         4
 Cause Fear               Hex            0%         N/A       99%         4
 Dispel Undead            Necr           0%         3d6       99%         4
 Flame Wave               Conj/Fire      0%         2d4       99%         4
 Fulminant Prism          Conj/Alch      0%         3d5       99%         4
 Ignite Poison            Fire/Alch      0%         N/A       99%         4
 Leda's Liquefaction      Alch/Erth      0%         N/A       99%         4
 Martyr's Knell           Necr/Summ      0%         N/A       99%         4
 Olgreb's Toxic Radiance  Alch           0%         N/A       99%         4
 Sticky Flame             Fire/Alch      0%         2d4       99%         4
 Summon Blazeheart Golem  Fire/Summ      0%         N/A       99%         4
 Summon Lightning Spire   Summ/Air       0%         N/A       99%         4
 Alistair's Intoxication  Alch           0%         N/A       100%        5
 Arcjolt                  Conj/Air       0%         1d10      100%        5
 Borgnjor's Vile Clutch   Necr/Erth      0%         N/A       100%        5
 Curse of Agony           Necr           0%         N/A       100%        5
 Fireball                 Conj/Fire      0%         3d3       100%        5
 Freezing Cloud           Conj/Ice/Air   0%         6-21      100%        5
 Irradiate                Conj/Alch      0%         3d11      100%        5
 Iskenderun's Battlesphe  Conj           0%         2d6       100%        5
 Lee's Rapid Deconstruct  Erth           0%         3d4*      100%        5
 Metabolic Englaciation   Hex/Ice        0%         N/A       100%        5
 Silence                  Hex/Air        0%         N/A       100%        5
 Summon Mana Viper        Hex/Summ       0%         N/A       100%        5
 Yara's Violent Unravell  Hex/Alch       0%         3d3       100%        5
 Bombard                  Conj/Erth      0%         9d1       100%        6
 Conjure Ball Lightning   Conj/Air       0%         3x3d6     100%        6
 Death Channel            Necr           0%         N/A       100%        6
 Eringya's Noxious Bog    Alch           0%         4d6       100%        6
 Plasma Beam              Fire/Air       0%         2x1d10    100%        6
 Sculpt Simulacrum        Ice/Alch       0%         N/A       100%        6
 Starburst                Conj/Fire      0%         6d3       100%        6
 Summon Cactus Giant      Summ           0%         N/A       100%        6
 Enfeeble                 Hex            0%         N/A       100%        7
 Haunt                    Necr/Summ      0%         N/A       100%        7
 Monstrous Menagerie      Summ           0%         N/A       100%        7
 Ozocubu's Refrigeration  Ice            0%         4d7       100%        7
 Spellforged Servitor     Conj/Summ      0%         N/A       100%        7
 Summon Hydra             Summ           0%         N/A       100%        7
 Discord                  Hex            0%         N/A       100%        8
 Disjunction              Tloc           5%         N/A       100%        8
 Ignition                 Fire           0%         3d3       100%        8
 Infestation              Necr           0%         N/A       100%        8
 Maxwell's Capacitive Co  Air            0%         ∞         100%        8
 Dragon's Call            Summ           0%         N/A       100%        9
 Sublimation of Blood     Necr           Unusable   N/A       N/A         2

Dungeon Overview and Level Annotations

Branches:
Dungeon (15/15)            Temple (1/1) D:5            Lair (5/5) D:10
 Shoals (4/4) Lair:2       Spider (4/4) Lair:3        Slime (5/5) Lair:5
    Orc (2/2) D:10            Elf (3/3) Orc:2        Vaults (5/5) D:14
  Crypt (3/3) Vaults:3       Tomb (0/3) Crypt:3      Depths (4/4) D:15
    Zot (5/5) Depths:4      Sewer (visited)         Ossuary (visited)
  IceCv (visited)

Altars:
Ashenzari
Cheibriados
Dithmenos
Fedhas
Gozag
Hepliaklqana
Kikubaaqudgha
Makhleb
Nemelex Xobeh
Okawaru
Qazlal
Ru
Sif Muna
Trog
Uskayaw
Vehumet
Wu Jian
Xom
Yredelemnul
Jiyva

Shops:
D:12 *   Orc:2 [!*[:   Elf:1 !   Elf:2 *   Vaults:2 [   Vaults:5 !

Portals:
Hell: Depths:1 Depths:2 Depths:3 Depths:4
Abyss: Depths:1 Depths:3 Depths:4
Pandemonium: Orc:2 Depths:2 Depths:3
Ziggurat: Depths:3

Annotations:
D:5 1 runed translucent door, exclusion: door, Crazy Yiuf
D:8 exclusions: wolf and 4 more exclusions
D:11 2 runed translucent doors, exclusion: 2 doors, ripuliukko's ghost, journeyman GrEE
D:15 Roxanne
Orc:2 2 transporters, wooly's ghost, journeyman MiBe
Elf:2 3 runed translucent doors
Depths:4 1 runed translucent door
Zot:5 36 runed translucent doors


Innate Abilities, Weirdness & Mutations

You are immune to poison.
Your flesh is cold resistant. (rC+)
You are immune to negative energy. (rN+++)
You are immune to unholy pain and torment.
You are vulnerable to heat. (rF-)
You are strongly in touch with the powers of death.
You do not drink.
You have a special connection with the divine. (Faith)


Message History

(V) Vaults (C) Crypt (W) Tomb (U) Depths (H) Hell (Z) Zot
Where to? (Tab/Enter - D:1 @ (x,y), ? - help)
A hell hound comes into view.
Unknown command.
You shoot an arrow. The arrow hits the hell hound!!!!
You kill the hell hound!
No target in view!
(D) Dungeon (T) Temple (L) Lair (A) Shoals (N) Spider Nest (M) Slime Pits (O) Orcish Mines (E) Elven Halls (V) Vaults (C) Crypt (W) Tomb (U) Depths (H) Hell (Z) Zot
Where to? (Tab/Enter - D:1 @ (x,y), ? - help)
A demonspawn warmonger comes into view.
It is wielding a +2 demon blade of electrocution and wearing a +2 tower shield of reflection.
Unknown command.
Unknown command.
An Executioner comes into view.
The demonspawn warmonger shouts!
A demonspawn warmonger comes into view.
It is wielding a +1 demon blade of venom and wearing a +0 kite shield of protection.
The Executioner gestures.
The Executioner seems to speed up.
The demonspawn warmonger calls upon its god to speed up the demonspawn warmonger.
The demonspawn warmonger seems to speed up.
The demonspawn warmonger mumbles some strange prayers to its god against you.
Your magic feels tainted.
Blink to where?
Press: ? - help, Dir - move target
As you read the scroll of blinking {@r4}, it crumbles to dust.
You climb upwards.
There is a stone staircase leading down here.
(D) Dungeon (T) Temple (L) Lair (A) Shoals (N) Spider Nest (M) Slime Pits (O) Orcish Mines (E) Elven Halls (V) Vaults (C) Crypt (W) Tomb (U) Depths (H) Hell (Z) Zot
Where to? (Tab/Enter - D:1 @ (x,y), ? - help)
An Orb Guardian comes into view.
There is an open door here.
Unknown command.
You shoot an arrow. The arrow hits the Orb Guardian!!
The Orb Guardian is moderately wounded.
You shoot an arrow. The arrow hits the Orb Guardian!!!
The Orb Guardian is almost dead.
Your magic seems less tainted.
You shoot an arrow. The arrow misses the Orb Guardian.
You shoot an arrow.
The arrow closely misses the Orb Guardian.
The Orb Guardian completely misses you.
You shoot an arrow.
The arrow closely misses the Orb Guardian.
The Orb Guardian completely misses you. The Orb Guardian closely misses you.
You shoot an arrow. The arrow hits the Orb Guardian!!!
You kill the Orb Guardian!
(D) Dungeon (T) Temple (L) Lair (A) Shoals (N) Spider Nest (M) Slime Pits (O) Orcish Mines (E) Elven Halls (V) Vaults (C) Crypt (W) Tomb (U) Depths (H) Hell (Z) Zot
Where to? (Tab/Enter - D:1 @ (x,y), ? - help)
There is a stone staircase leading up here.
You climb upwards.
Level annotation: 1 runed translucent door, exclusion: door, Crazy Yiuf
There is a stone staircase leading down here.
There is a stone staircase leading up here.
You climb upwards.
There is a stone staircase leading down here.
A tormentor comes into view.
Unknown command.
Unknown command.
You shoot an arrow. The arrow hits the tormentor!!!!
You kill the tormentor!
No target in view!
(D) Dungeon (T) Temple (L) Lair (A) Shoals (N) Spider Nest (M) Slime Pits (O) Orcish Mines (E) Elven Halls (V) Vaults (C) Crypt (W) Tomb (U) Depths (H) Hell (Z) Zot
Where to? (Tab/Enter - D:1 @ (x,y), ? - help)
There is a stone staircase leading up here.
You climb upwards.
There is a stone staircase leading down here.
There is a stone staircase leading up here.
You climb upwards.
There is a stone staircase leading down here.
You see here a +0 short sword.
There is a stone staircase leading up here.
You climb upwards.
There is a stone staircase leading down here.
A hellion comes into view.
Unknown command.
You shoot an arrow. The arrow barely misses the hellion.
You shoot an arrow.
The arrow completely misses the hellion.
You shoot an arrow. The arrow hits the hellion!!!
You kill the hellion!
No target in view!
(D) Dungeon (T) Temple (L) Lair (A) Shoals (N) Spider Nest (M) Slime Pits (O) Orcish Mines (E) Elven Halls (V) Vaults (C) Crypt (W) Tomb (U) Depths (H) Hell (Z) Zot
Where to? (Tab/Enter - D:1 @ (x,y), ? - help)
There is a staircase leading out of the dungeon here.
You have escaped!

#.##........##.............#
#.##...##................#.#
######.##............#..#.##.....
.#.....##.........####.##...#..##
........#.........# ##.####.....#
..................# #..# ###....
.[................###.## #.##.
.........#########....# #####.###
.........##>.###@#...## #........
.........###.#..##...####........
........####...#.#......#........
.#.....## #....#.#..###..........
######## #...!.##..# ###........
##....##..# #####.### #......#..#
#.# ##....###.# ### #......##.#


There were no monsters in sight!

Vanquished Creatures
  Dissolution (Slime:3)
  A dread lich (Zot:5)
  3 ancient liches
  Tiamat (Zot:4)
  2 orbs of fire (Zot:5)
  Sojobo (Depths:1)
  Vv (Zot:3)
  4 Killer Klowns
  4 curse toes
  20 golden dragons
  Arachne (Spider:2)
  2 hellephants
  4 electric golems
  A shard shrike zombie (Crypt:3)
  Jorgrun (Shoals:1)
  2 deep elf blademasters (Elf:3)
  An Ice Fiend (D:13)
  17 tentacled monstrosities
  A lich (Depths:2)
  17 Orb Guardians
  2 titans (Vaults:5)
  2 walking earthen tomes (Depths:2)
  4 quicksilver dragons
  2 deep elf master archers (Elf:3)
  A walking frostbound tome (Depths:4)
  2 Executioners
  17 acid blobs
  6 sphinxes
  2 ancient champions
  7 death cobs
  6 tengu reavers
  22 storm dragons
  8 draconian monks
  11 shadow dragons
  Ilsuiw (Shoals:2)
  12 azure jellies
  4 protean progenitors
  11 fire giants
  3 emperor scorpions (Spider:3)
  An iron dragon (Slime:5)
  9 rockslimes
  5 draconian knights
  7 deep elf sorcerers
  9 frost giants
  A juggernaut zombie (Crypt:3)
  4 balrugs
  12 draconian scorchers
  7 draconian shifters
  2 caustic shrike zombies (Crypt:3)
  3 deep elf elementalists (Elf:3)
  8 ghost moths
  22 vault wardens
  2 orc warlords
  12 ghouls
  5 reapers
  9 draconian annihilators
  3 draconian stormcallers
  5 broodmothers (Spider:4)
  10 quicksilver oozes
  21 ironbound preservers
  An angel (Shoals:4)
  12 green draconians
  6 deep elf death magi
  3 spriggan defenders
  2 formless jellyfish
  12 ironbound thunderhulks
  12 deep elf demonologists
  22 very ugly things
  27 stone giants
  26 vampire knights
  11 black draconians
  27 dire elephants
  A spark wasp (Depths:2)
  9 war gargoyles
  16 white draconians
  8 deep elf annihilators
  17 red draconians
  15 purple draconians
  2 apis (Shoals:4)
  15 yellow draconians
  3 eidola
  Snorg (Lair:3)
  15 ettins
  3 blizzard demons (Zot:2)
  2 merfolk javelineers (Shoals:4)
  17 yaktaur captains
  4 jiangshi (Crypt:3)
  11 merfolk impalers
  8 entropy weavers
  3 deep elf high priests
  Josephine (D:15)
  An entropy weaver (shapeshifter) (Orc:2)
  14 fire dragons
  A spectral kraken (Shoals:2)
  9 great orbs of eyes
  2 rakshasas
  4 peacekeepers
  35 vault guards
  9 ice dragons
  6 spriggan air magi
  Erica (D:8)
  14 ironbound frosthearts
  4 ogre magi (Vaults:5)
  A hell beast (Zot:5)
  A merfolk avatar (Shoals:4)
  3 satyrs
  3 ghost crabs (Shoals:2)
  8 hydras
  2 demonspawn (Orc:2)
  A radroach (Spider:4)
  3 jorogumos
  2 catoblepae
  9 two-headed ogres
  11 centaur warriors
  6 merfolk aquamancers
  6 boulder beetles
  An anaconda (D:13)
  A death knight (D:14)
  12 death yaks
  3 alligator snapping turtles
  14 dancing weapons
  A death scarab (Spider:3)
  7 vampire magi
  A demonic crawler (Spider:2)
  7 deep troll earth magi
  7 tengu warriors
  3 deep troll shamans (Depths:1)
  7 hell knights
  4 spriggan berserkers
  2 occultists
  A titan zombie (Depths:3)
  6 orc high priests
  Urug (D:13)
  2 sun demons
  9 deep elf knights
  3 soul eaters
  7 skysharks
  7 spriggans
  14 iron trolls
  66 deep trolls
  5 sea snakes
  7 pharaoh ants
  40 skeletal warriors
  3 flayed ghosts
  9 arcanists
  3 shadow wraiths
  An anaconda zombie (Crypt:3)
  4 shadow demons
  2 cherubim (Shoals:4)
  6 lindwurms
  2 swamp dragons (Zot:4)
  6 orb spiders
  2 deep elf archers
  3 bog bodies
  A goliath frog (Zot:4)
  2 orange crystal statues (IceCv)
  A tengu zombie (Depths:3)
  5 steelbarb worms
  5 orc knights
  14 necromancers
  5 glowing orange brains
  13 harpies
  7 deep elf zephyrmancers
  3 spectral merfolk (Shoals:2)
  20 phantasmal warriors
  30 ironbound convokers
  A golden dragon skeleton (Crypt:3)
  33 ugly things
  22 deep elf pyromancers
  An iron dragon skeleton (Crypt:3)
  13 cyclopes
  2 salamanders
  8 orc sorcerers (Orc:2)
  14 manticores
  2 alligator skeletons
  A faun (shapeshifter) (Vaults:5)
  6 shining eyes
  2 stone giant zombies
  12 wolf spiders
  3 kobold blastminers (Orc:2)
  2 stone giant skeletons (Crypt:3)
  7 fauns
  2 meliai (Spider:4)
  A meliai (shapeshifter) (D:13)
  A large abomination (Elf:1)
  6 merfolk sirens
  2 elephants (Lair:5)
  A formless jellyfish zombie (Crypt:1)
  3 black mambas
  A rust devil (D:13)
  2 smoke demons
  2 frost giant skeletons
  29 moths of wrath
  3 water nymphs
  6 torpor snails
  21 vault sentinels
  6 cane toads
  A gargoyle (D:13)
  4 rime drakes
  A hellion (D:1)
  2 eyes of devastation
  4 kobold demonologists
  2 freezing wraiths
  34 yaktaurs
  Jeremiah (D:6)
  2 unseen horrors
  15 komodo dragons
  A tormentor (D:4)
  4 tengu conjurers
  A death yak skeleton (Crypt:3)
  3 efreet
  2 ice devils (Orc:2)
  A yellow draconian skeleton (Crypt:3)
  A guardian mummy (Crypt:3)
  13 trolls
  23 merfolk
  A polar bear (shapeshifter) (D:8)
  3 polar bears
  A merfolk (shapeshifter) (Vaults:3)
  A hellwing (Orc:2)
  4 wind drakes
  2 ettin zombies (Crypt:3)
  7 hornets
  15 tarantellas
  A raiju (D:13)
  32 blink frogs
  6 glass eyes
  85 slime creatures
  10 snapping turtles
  5 dream sheep
  14 jumping spiders
  19 culicivoras
  A black mamba zombie (Crypt:3)
  3 air elementals
  6 wyverns
  6 water elementals
  3 vampires (Vaults:3)
  46 yaks
  2 wargs
  4 shadows
  15 wraiths
  8 golden eyes
  Grum (D:8)
  9 basilisks
  2 fire elementals
  2 steam dragons
  42 redbacks
  3 vampire mosquitoes (D:13)
  A chaos spawn (D:14)
  A neqoxec (Orc:2)
  A swamp worm (shapeshifter) (Vaults:5)
  An alligator snapping turtle simulacrum (Crypt:3)
  A skyshark zombie (Crypt:1)
  A naga zombie (Crypt:3)
  3 swamp worms (Zot:3)
  A spectral snapping turtle (Shoals:2)
  3 acid dragons
  5 hell hounds
  5 great orb of eyes simulacra (IceCv)
  29 orc warriors
  10 water moccasins
  Duvessa (D:7)
  2 black bears (D:6)
  A swamp drake (D:14)
  Pargi (Sewer)
  An ice beast (D:5)
  3 laughing skulls (D:13)
  A sky beast (D:7)
  A blink frog zombie (Crypt:1)
  A tengu (shapeshifter) (Vaults:5)
  16 ogres
  13 wolves
  11 boggarts
  4 slime creature simulacra (IceCv)
  5 centaurs
  2 phantoms
  3 kobold brigands
  2 elf zombies
  5 gnoll sergeants
  2 brain worms
  5 bullfrogs
  10 necrophages
  An earth elemental (Elf:2)
  5 elf skeletons
  8 scorpions
  5 glowing shapeshifter simulacra (IceCv)
  3 wights (D:10)
  A spriggan zombie (Crypt:1)
  A yak zombie (Crypt:2)
  Dowan (D:7)
  11 killer bees
  7 howler monkeys
  2 spriggan skeletons
  A troll skeleton (Crypt:2)
  2 electric eels (Spider:3)
  A polar bear skeleton (Crypt:2)
  4 bombardier beetles
  A bullfrog zombie (D:6)
  2 centaur zombies
  2 jellies (D:6)
  A human zombie (D:4)
  A hound (D:7)
  24 orc priests
  Jessica (D:2)
  3 iguanas
  23 orc wizards
  4 hell rats (Lair:2)
  A hound skeleton (Crypt:1)
  20 mummies
  A howler monkey zombie (Crypt:1)
  21 gnolls
  10 adders
  2 shadow imps
  4 white imps
  2 ufetubi (D:6)
  A dart slug (D:3)
  2 ribbon worms
  76 orcs
  4 ball pythons
  A bat skeleton (Crypt:1)
  6 endoplasms
  5 giant cockroaches
  5 goblins
  6 hobgoblins
  2 jackals (D:3)
  2 quokkas
  2 ball python zombies (Crypt:2)
  6 bats
  2 frilled lizards
  A gnoll zombie (Ossuary)
  A hobgoblin skeleton (Crypt:2)
  5 hobgoblin zombies (Ossuary)
  17 kobolds
  A kobold zombie (Ossuary)
  An orc zombie (Ossuary)
  5 rats
  A rat zombie (Crypt:1)
  2 tentacles (Shoals:2)
2389 creatures vanquished.

Vanquished Creatures (collateral kills)
  Margery (Vaults:3)
  Jory (Depths:4)
  A rockslime (Slime:3)
  An emperor scorpion (Spider:1)
  2 formless jellyfish (Slime:4)
  An ironbound preserver (Vaults:2)
  A deep elf death mage (Vaults:3)
  Azrael (Spider:2)
  A deep elf demonologist (Vaults:5)
  3 dire elephants
  An ettin (Vaults:5)
  An entropy weaver (Spider:3)
  A fire dragon (Depths:2)
  A jorogumo (Spider:4)
  A two-headed ogre (D:10)
  A death yak (Lair:5)
  A demonic crawler (Spider:1)
  2 skeletal warriors
  An orb spider (Spider:1)
  A steelbarb worm (Spider:4)
  2 deep trolls
  A cherub (Shoals:4)
  An ugly thing (Vaults:5)
  3 cane toads
  A troll (D:10)
  A tarantella (Spider:4)
  5 slime creatures
  A wraith (D:15)
  5 yaks
  3 fire elementals (Spider:2)
  A warg (Orc:1)
  4 hell hounds (Spider:2)
  2 orc warriors
  An ogre (Orc:1)
  2 orc priests (Orc:2)
  5 orcs
62 creatures vanquished.

Vanquished Creatures (others)
  A draconian knight (Zot:1)
  A frost giant (Zot:4)
  A two-headed ogre (Zot:4)
  An occultist (Depths:2)
  A deep elf knight (Elf:2)
  A moth of wrath (Zot:4)
  A troll (Zot:4)
  An ogre (Zot:4)
  A quokka (Depths:4)
  6 tentacles (Shoals:2)
15 creatures vanquished.

Grand Total: 2466 creatures vanquished

Notes
Turn   | Place    | Note
-------+----------+-------------------------------------------
     0 | D:1      | EnegeticOcto the Mummy Hunter began the quest for the Orb.
     0 | D:1      | Reached XP level 1. HP: 16/16 MP: 1/1
   127 | D:1      | Reached XP level 2. HP: 22/22 MP: 2/2
   523 | D:2      | Found a shimmering blue altar of Sif Muna.
   529 | D:2      | Noticed Jessica
   534 | D:2      | Killed Jessica
   535 | D:2      | Reached skill level 4 in Ranged Weapons
   535 | D:2      | Reached XP level 3. HP: 27/27 MP: 3/3
   873 | D:2      | Reached XP level 4. HP: 28/33 MP: 4/4
  1227 | D:3      | Reached skill level 5 in Ranged Weapons
  1547 | D:4      | Reached XP level 5. HP: 38/38 MP: 5/5
  1586 | D:4      | Found a shimmering blue altar of Sif Muna.
  1683 | D:4      | Found an opulent altar of Gozag.
  1778 | D:4      | Reached skill level 6 in Ranged Weapons
  1818 | D:4      | Reached XP level 6. HP: 31/44 MP: 6/6
  1887 | D:4      | Found a sand-covered staircase.
  1913 | Ossuary  | Entered an ossuary
  2027 | Ossuary  | Reached skill level 7 in Ranged Weapons
  2048 | Ossuary  | Reached XP level 7. HP: 37/50 MP: 7/7
  2179 | Ossuary  | Identified a scroll of acquirement
  2180 | Ossuary  | Acquired a +1 heavy longbow
  2209 | D:4      | Reached skill level 1 in Stealth
  2414 | D:4      | Reached skill level 2 in Stealth
  2816 | D:5      | Entered Level 5 of the Dungeon
  2820 | D:5      | Found a staircase to the Ecumenical Temple.
  2828 | Temple   | Entered the Ecumenical Temple
  2873 | Temple   | Became a worshipper of Nemelex Xobeh the Trickster
  2925 | D:5      | Reached skill level 3 in Fighting
  2973 | D:5      | Reached XP level 8. HP: 58/58 MP: 8/8
  3134 | D:5      | Found a runed translucent door.
  3135 | D:5      | Noticed Crazy Yiuf
  3179 | D:5      | Reached skill level 8 in Ranged Weapons
  3352 | D:5      | Found a broken altar of Ashenzari.
  3452 | D:6      | Reached * piety under Nemelex Xobeh
  3482 | D:6      | Noticed Jeremiah
  3604 | D:6      | Found a glowing drain.
  3608 | Sewer    | Entered a sewer
  3625 | Sewer    | Reached skill level 3 in Stealth
  3634 | Sewer    | Noticed Pargi
  3671 | Sewer    | Identified the +9 trident "Luost" {freeze, rElec rN+++
                  | rCorr Str-4}
  3688 | Sewer    | Killed Pargi
  3689 | Sewer    | Reached skill level 4 in Fighting
  3815 | D:6      | Killed Jeremiah
  3858 | D:6      | Reached skill level 9 in Ranged Weapons
  3858 | D:6      | Reached skill level 4 in Stealth
  3858 | D:6      | Reached XP level 9. HP: 52/67 MP: 9/9
  3952 | D:6      | Received a gift from Nemelex Xobeh
  4004 | D:6      | Reached skill level 5 in Fighting
  4140 | D:6      | Found a blossoming altar of Fedhas.
  4231 | D:6      | Reached skill level 1 in Invocations
  4540 | D:6      | Reached skill level 2 in Invocations
  4634 | D:7      | Reached ** piety under Nemelex Xobeh
  4661 | D:7      | Noticed Dowan
  4674 | D:7      | Killed Dowan
  4718 | D:7      | Noticed Duvessa
  4734 | D:7      | Killed Duvessa
  5040 | D:7      | Reached skill level 6 in Fighting
  5098 | D:7      | Reached skill level 10 in Ranged Weapons
  5245 | D:7      | Received a gift from Nemelex Xobeh
  5285 | D:8      | Reached skill level 3 in Invocations
  5400 | D:8      | Reached *** piety under Nemelex Xobeh
  5404 | D:8      | Identified the +3 buckler "Neelu" {rN+}
  5610 | D:8      | Noticed Grum
  5624 | D:8      | Killed Grum
  5631 | D:8      | Reached XP level 10. HP: 32/76 MP: 12/12
  5831 | D:8      | Reached skill level 4 in Invocations
  5846 | D:8      | Noticed a skeletal warrior
  5858 | D:8      | a yak changed into a black mamba
  5858 | D:8      | Noticed a black mamba (shapeshifter)
  5862 | D:8      | a black mamba changed into a polar bear
  6076 | D:8      | Reached skill level 2 in Dodging
  6294 | D:8      | Identified an amulet "Barhij" {Faith Rampage rPois Int+3}
  6325 | D:8      | Noticed Erica
  6333 | D:8      | Killed Erica
  6334 | D:8      | Reached skill level 11 in Ranged Weapons
  6608 | D:8      | Reached skill level 3 in Dodging
  6652 | D:8      | Noticed a two-headed ogre
  6657 | D:8      | Killed a two-headed ogre
  6902 | D:9      | Reached skill level 4 in Dodging
  6906 | D:9      | Received a gift from Nemelex Xobeh
  7081 | D:9      | Found an ornate altar of the Wu Jian Council.
  7169 | D:9      | Reached **** piety under Nemelex Xobeh
  7235 | D:9      | Reached skill level 12 in Ranged Weapons
  7273 | D:9      | Received a gift from Nemelex Xobeh
  7512 | D:9      | Noticed a two-headed ogre
  7522 | D:9      | Killed a two-headed ogre
  7523 | D:9      | Reached XP level 11. HP: 81/81 MP: 14/14
  7528 | D:9      | Received a gift from Nemelex Xobeh
  7721 | D:10     | Entered Level 10 of the Dungeon
  7898 | D:10     | Noticed a deep elf pyromancer
  7903 | D:10     | Killed a deep elf pyromancer
  7904 | D:10     | Reached skill level 5 in Dodging
  8112 | D:10     | Found a staircase to the Lair.
  8228 | D:10     | Noticed a two-headed ogre
  8249 | D:10     | Killed a two-headed ogre
  8250 | D:10     | Reached skill level 13 in Ranged Weapons
  8319 | D:10     | Received a gift from Nemelex Xobeh
  8440 | D:10     | Found a staircase to the Orcish Mines.
  8739 | Lair:1   | Entered Level 1 of the Lair of Beasts
  8776 | Lair:1   | Reached skill level 6 in Dodging
  8837 | D:11     | Reached ***** piety under Nemelex Xobeh
  9240 | D:11     | Received a gift from Nemelex Xobeh
  9309 | D:11     | Found a runed translucent door.
  9309 | D:11     | Noticed a necromancer
  9313 | D:11     | Noticed a skeletal warrior
  9313 | D:11     | Noticed a deep elf archer
  9314 | D:11     | Noticed a skeletal warrior
  9314 | D:11     | Noticed a lich
  9315 | D:11     | Noticed ripuliukko's ghost (journeyman GrEE)
  9317 | D:11     | Found a runed translucent door.
  9319 | D:11     | a tyrant leech changed into a steelbarb worm
  9319 | D:11     | Noticed a steelbarb worm (glowing shapeshifter)
  9333 | D:11     | a snapping turtle changed into an ettin
  9333 | D:11     | Noticed an ettin (glowing shapeshifter)
  9334 | D:11     | an ettin changed into a culicivora
  9788 | D:12     | Reached skill level 14 in Ranged Weapons
  9810 | D:12     | Noticed a boulder beetle
  9811 | D:12     | Reached XP level 12. HP: 88/88 MP: 15/15
  9822 | D:12     | Killed a boulder beetle
  9843 | D:12     | Noticed Frances
  9982 | Orc:1    | Entered Level 1 of the Orcish Mines
 10540 | Orc:1    | Noticed an orc warlord
 10556 | Orc:1    | Killed an orc warlord
 10596 | Orc:1    | Received a gift from Nemelex Xobeh
 10649 | Orc:1    | Noticed a two-headed ogre
 10663 | Orc:1    | Killed a two-headed ogre
 10664 | Orc:1    | Reached skill level 15 in Ranged Weapons
 11050 | Orc:2    | Entered Level 2 of the Orcish Mines
 11323 | Orc:2    | Found Becet's Antique Armour Emporium.
 11332 | Orc:2    | Bought an ancient leather armour for 203 gold pieces
 11332 | Orc:2    | Identified the +3 leather armour "Qugocrot" {*Slow rPois
                  | rF+} (You bought it in a shop on level 2 of the Orcish
                  | Mines)
 11333 | Orc:2    | Bought an encrusted robe for 165 gold pieces
 11333 | Orc:2    | Identified the +2 robe of Ypech {+Inv} (You bought it in a
                  | shop on level 2 of the Orcish Mines)
 11345 | Orc:2    | Noticed wooly's ghost (journeyman MiBe)
 11348 | Orc:2    | Found a transporter.
 11365 | Orc:2    | Found a transporter.
 11718 | Orc:2    | Found a staircase to the Elven Halls.
 11756 | Orc:2    | Received a gift from Nemelex Xobeh
 12024 | Orc:2    | Found Weqaghie's General Store.
 12025 | Orc:2    | Found Xahiun's Distillery.
 12182 | Orc:2    | Bought a scroll of teleportation for 39 gold pieces
 12441 | Lair:1   | Received a gift from Nemelex Xobeh
 12602 | Lair:1   | Reached skill level 5 in Invocations
 12691 | Lair:1   | Reached skill level 7 in Fighting
 12793 | Lair:1   | Gained mutation: You are strongly in touch with the powers
                  | of death. [Mummy growth]
 12793 | Lair:1   | Reached XP level 13. HP: 77/96 MP: 16/16
 12891 | Lair:1   | Received a gift from Nemelex Xobeh
 13534 | Lair:2   | Reached skill level 7 in Dodging
 13636 | Lair:2   | Found a staircase to the Shoals.
 14130 | Lair:3   | Reached ****** piety under Nemelex Xobeh
 14130 | Lair:3   | Received a gift from Nemelex Xobeh
 14189 | Lair:3   | Reached skill level 16 in Ranged Weapons
 14254 | Lair:3   | Found a hole to the Spider Nest.
 14300 | Lair:3   | Reached skill level 6 in Invocations
 14501 | Lair:3   | Received a gift from Nemelex Xobeh
 14598 | Lair:3   | Noticed Snorg
 14604 | Lair:3   | Killed Snorg
 14605 | Lair:3   | Reached skill level 8 in Fighting
 14829 | Lair:3   | Received a gift from Nemelex Xobeh
 15408 | Lair:4   | Received a gift from Nemelex Xobeh
 15525 | Lair:4   | Reached skill level 8 in Dodging
 15602 | Lair:4   | Reached XP level 14. HP: 106/106 MP: 19/19
 15617 | Lair:4   | Reached skill level 7 in Invocations
 15618 | Lair:4   | Received a gift from Nemelex Xobeh
 16109 | Lair:5   | Entered Level 5 of the Lair of Beasts
 16122 | Lair:5   | Received a gift from Nemelex Xobeh
 16226 | Lair:5   | Reached skill level 9 in Fighting
 16330 | Lair:5   | Received a gift from Nemelex Xobeh
 16487 | Lair:5   | Found a viscous altar of Jiyva.
 16488 | Lair:5   | Found a staircase to the Slime Pits.
 16668 | Lair:5   | Reached skill level 17 in Ranged Weapons
 16969 | Lair:5   | Identified the +12 broad axe "Fiof" {drain, rCorr MP+9
                  | Dex+2}
 17084 | Lair:5   | Received a gift from Nemelex Xobeh
 17090 | Lair:5   | Acquired 428 gold pieces
 17092 | Lair:5   | Acquired 582 gold pieces
 17724 | D:12     | Frances changed into Frances the slime creature
 17724 | D:12     | Noticed Frances
 17727 | D:12     | Killed Frances the slime creature
 17803 | D:12     | Noticed Sonja
 17805 | D:12     | Sonja changed into Sonja the basilisk
 17805 | D:12     | Noticed Sonja
 17809 | D:12     | Killed Sonja the basilisk
 17860 | D:12     | Found Iboz's Assorted Antiques.
 17866 | D:12     | Bought a scroll of enchant armour for 217 gold pieces
 18102 | D:12     | Reached skill level 8 in Invocations
 18683 | D:13     | Noticed Urug
 18692 | D:13     | Killed Urug
 18981 | D:13     | Reached skill level 9 in Dodging
 19168 | D:13     | Received a gift from Nemelex Xobeh
 19196 | D:13     | Reached skill level 10 in Fighting
 19516 | D:13     | Reached XP level 15. HP: 60/115 MP: 13/21
 19891 | D:13     | Received a gift from Nemelex Xobeh
 20222 | D:13     | Reached skill level 9 in Invocations
 20564 | D:14     | Found a gate to the Vaults.
 20570 | D:14     | Identified the +0 pair of gloves of Gestures {rElec rN+
                  | Will+ Dex-2}
 20656 | D:14     | Received a gift from Nemelex Xobeh
 20706 | D:14     | Reached skill level 18 in Ranged Weapons
 21451 | D:14     | Received a gift from Nemelex Xobeh
 21709 | D:15     | Entered Level 15 of the Dungeon
 21867 | D:15     | Noticed Roxanne
 21872 | D:15     | Received a gift from Nemelex Xobeh
 21923 | D:15     | Found a hazy altar of Hepliaklqana.
 22034 | D:15     | Found a staircase to the Depths.
 22049 | D:15     | Noticed Josephine
 22062 | D:15     | Killed Josephine
 22063 | D:15     | Reached skill level 10 in Dodging
 22177 | D:15     | Received a gift from Nemelex Xobeh
 22346 | D:15     | Reached skill level 10 in Invocations
 23072 | Orc:2    | Reached XP level 16. HP: 107/122 MP: 23/23
 23078 | Orc:2    | Reached skill level 19 in Ranged Weapons
 23188 | Orc:2    | Reached skill level 1 in Armour
 23196 | Orc:2    | Found Ydioh's Book Boutique.
 23196 | Orc:2    | Found Golyl's Antique Armour Shop.
 23200 | Orc:2    | Found a one-way gate leading to the halls of Pandemonium.
 23204 | Orc:2    | Bought a bloodstained scarf for 190 gold pieces
 23204 | Orc:2    | Identified the scarf "Etomeec" {+Inv, Str+3} (You bought it
                  | in a shop on level 2 of the Orcish Mines)
 23207 | Orc:2    | Bought a book of Cantrips for 176 gold pieces
 23585 | Shoals:1 | Entered Level 1 of the Shoals
 23665 | Shoals:1 | Received a gift from Nemelex Xobeh
 23686 | Shoals:1 | Noticed Jorgrun
 23698 | Shoals:1 | Killed Jorgrun
 23712 | Shoals:1 | Reached skill level 2 in Armour
 24066 | Shoals:1 | Received a gift from Nemelex Xobeh
 24201 | Shoals:1 | Received a gift from Nemelex Xobeh
 24546 | Shoals:2 | Noticed Louise
 24549 | Shoals:2 | Louise changed into Louise the eye of devastation
 24549 | Shoals:2 | Noticed Louise
 24550 | Shoals:2 | Killed Louise the eye of devastation
 24579 | Shoals:2 | Reached skill level 3 in Armour
 24602 | Shoals:2 | Noticed Ilsuiw
 24649 | Shoals:2 | Received a gift from Nemelex Xobeh
 24719 | Shoals:2 | Killed Ilsuiw
 24987 | Shoals:2 | Received a gift from Nemelex Xobeh
 25198 | Shoals:3 | Reached skill level 11 in Fighting
 25297 | Shoals:3 | Received a gift from Nemelex Xobeh
 25594 | Shoals:3 | Received a gift from Nemelex Xobeh
 25916 | Shoals:4 | Entered Level 4 of the Shoals
 25950 | Shoals:4 | Reached skill level 4 in Armour
 26270 | Shoals:4 | Identified the +5 trident "Impslayer" {freeze, rElec Will+
                  | Str+5}
 26277 | Shoals:4 | Reached skill level 11 in Dodging
 26277 | Shoals:4 | Reached XP level 17. HP: 131/131 MP: 24/24
 26311 | Shoals:4 | Got a barnacled rune of Zot
 26535 | Shoals:4 | Reached skill level 20 in Ranged Weapons
 26828 | Shoals:4 | Identified the staff of Fortitude {*Slow rElec rF- rC+ Summ
                  | Ice}
 26830 | Shoals:4 | Identified the +1 short sword "Mimpok" {freeze, rElec}
 26936 | Shoals:4 | Reached skill level 5 in Armour
 27172 | Spider:1 | Entered Level 1 of the Spider Nest
 27341 | Spider:1 | Reached skill level 12 in Fighting
 27385 | Spider:1 | Received a gift from Nemelex Xobeh
 27649 | Spider:1 | Acquired a manual of Ranged Weapons
 27903 | Spider:2 | Received a gift from Nemelex Xobeh
 28207 | Spider:2 | Reached skill level 6 in Armour
 28207 | Spider:2 | Noticed Azrael
 28216 | Spider:2 | Killed Azrael
 28337 | Spider:2 | Noticed Arachne
 28354 | Spider:2 | Killed Arachne
 28397 | Spider:2 | Received a gift from Nemelex Xobeh
 29000 | Spider:3 | Found a glacial archway.
 29085 | IceCv    | Entered an ice cave
 29250 | IceCv    | Reached skill level 12 in Dodging
 29346 | IceCv    | Found a viscous altar of Jiyva.
 29362 | IceCv    | Identified the ring "Vim Wicehywk" {rPois SInv Stlth+}
 29445 | IceCv    | Reached XP level 18. HP: 142/142 MP: 25/25
 29471 | IceCv    | Received a gift from Nemelex Xobeh
 29479 | IceCv    | Identified the amulet of the Duke {Acrobat Str+2}
 29743 | Spider:4 | Entered Level 4 of the Spider Nest
 29778 | Spider:4 | Identified the +0 hand axe of Qazlal's Respect {drain,
                  | ^Fragile rN++ Int-4 Dex+8}
 29902 | Spider:4 | Reached skill level 7 in Armour
 30133 | Spider:4 | Reached skill level 13 in Fighting
 30217 | Spider:4 | Reached skill level 11 in Invocations
 30279 | Spider:4 | Received a gift from Nemelex Xobeh
 30340 | Spider:4 | Got a gossamer rune of Zot
 30974 | Vaults:1 | Entered Level 1 of the Vaults
 31380 | Vaults:1 | Reached skill level 21 in Ranged Weapons
 31459 | Vaults:1 | Received a gift from Nemelex Xobeh
 31697 | Vaults:1 | Reached skill level 8 in Armour
 31854 | Vaults:1 | HP: 7/145 [entropy weaver (10)]
 32156 | Vaults:1 | Received a gift from Nemelex Xobeh
 32375 | Vaults:1 | Reached XP level 19. HP: 151/151 MP: 27/27
 33005 | Vaults:2 | Received a gift from Nemelex Xobeh
 33121 | Vaults:2 | Reached skill level 13 in Dodging
 33209 | Vaults:2 | Reached skill level 14 in Fighting
 33311 | Vaults:2 | Reached skill level 12 in Invocations
 33882 | Vaults:2 | Received a gift from Nemelex Xobeh
 33980 | Vaults:2 | Reached skill level 9 in Armour
 34203 | Vaults:2 | Received a gift from Nemelex Xobeh
 34395 | Vaults:2 | Found Tommunut's Armour Shop.
 34806 | Vaults:3 | Found a portal to a secret trove of treasure.
 34922 | Vaults:3 | Got the Omnibus of Rallying
 34935 | Vaults:3 | Noticed a hellephant
 35155 | Vaults:3 | Found a staircase to the Crypt.
 35168 | Crypt:1  | Entered Level 1 of the Crypt
 35179 | Crypt:1  | Received a gift from Nemelex Xobeh
 35447 | Crypt:1  | Received a gift from Nemelex Xobeh
 35623 | Crypt:1  | Received a gift from Nemelex Xobeh
 35953 | Crypt:1  | Received a gift from Nemelex Xobeh
 36176 | Crypt:2  | Reached skill level 15 in Fighting
 36328 | Crypt:2  | Reached skill level 13 in Invocations
 36344 | Crypt:2  | Reached XP level 20. HP: 152/162 MP: 25/29
 36424 | Crypt:2  | Reached skill level 10 in Armour
 36561 | Crypt:2  | Received a gift from Nemelex Xobeh
 36735 | Crypt:3  | Entered Level 3 of the Crypt
 36747 | Crypt:3  | Reached skill level 14 in Dodging
 36989 | Crypt:3  | Received a gift from Nemelex Xobeh
 37054 | Crypt:3  | Identified the +1 chain mail of Valour {Stlth+}
 37314 | Crypt:3  | Learned a level 1 spell: Apportation
 38068 | Crypt:3  | Reached skill level 14 in Invocations
 38108 | Crypt:3  | Identified the +4 shortbow "Widowermaker" {flame, Dex+4}
 38288 | Crypt:3  | Identified the +0 plate armour of Submission {rC+ Str-5
                  | Stlth+}
 38298 | Crypt:3  | Found a basalt altar of Yredelemnul.
 38314 | Crypt:3  | Identified the +2 plate armour of the Dice {rC+}
 38354 | Crypt:3  | Identified the ring of Jaxiroid {rN+ Will- Str+3 Slay+5}
 38361 | Crypt:3  | Identified the staff of Grontol {rElec rF+++ rC+ Dex-2 Ice
                  | Earth}
 38362 | Crypt:3  | Identified the ring of Bixto {rPois rF++ rN+ Str-3 Stlth+}
 38555 | Crypt:3  | Found a staircase to the Tomb.
 38764 | Crypt:3  | Identified the ring of Ischetypt {rN+ Slay+3}
 38765 | Crypt:3  | Reached skill level 15 in Dodging
 39327 | Crypt:3  | Received a gift from Nemelex Xobeh
 39647 | Vaults:3 | Noticed Margery
 39656 | Vaults:3 | Killed Margery
 39657 | Vaults:3 | Reached skill level 15 in Invocations
 39960 | Vaults:3 | Reached XP level 21. HP: 82/168 MP: 14/32
 40226 | Vaults:3 | Learned a level 3 spell: Passwall
 40443 | Vaults:4 | Received a gift from Nemelex Xobeh
 40585 | Vaults:4 | Reached skill level 16 in Dodging
 40961 | Vaults:4 | Reached skill level 16 in Invocations
 41030 | Vaults:4 | Received a gift from Nemelex Xobeh
 41187 | Vaults:4 | Received a gift from Nemelex Xobeh
 42407 | Elf:1    | Entered Level 1 of the Elven Halls
 42407 | Elf:1    | Received a gift from Nemelex Xobeh
 42585 | Elf:1    | Found Qaopi's Distillery.
 42804 | Elf:1    | Received a gift from Nemelex Xobeh
 42861 | Elf:1    | Found a shimmering blue altar of Sif Muna.
 42902 | Elf:1    | Reached skill level 17 in Dodging
 43169 | Elf:1    | Identified the +0 broad axe "Earthworm" {vamp, Fly rElec
                  | rPois}
 43328 | Elf:1    | Reached skill level 17 in Invocations
 43333 | Elf:1    | Got Gumitorch's Exposition on Skeletons
 43510 | Elf:2    | Identified the +8 hand axe "Roadghif" {freeze, Will+}
 43560 | Elf:2    | Identified the +2 ring mail of Deczew {Dex+2}
 43587 | Elf:2    | Found Tuexyi's General Store.
 43593 | Elf:2    | Bought a scroll of teleportation for 42 gold pieces
 43593 | Elf:2    | Bought a scroll of enchant weapon for 105 gold pieces
 43605 | Elf:2    | Received a gift from Nemelex Xobeh
 43704 | Elf:2    | Found a runed translucent gate.
 43705 | Elf:2    | Found a runed translucent gate.
 43705 | Elf:2    | Found a runed translucent gate.
 43898 | Elf:1    | Found a shimmering blue altar of Sif Muna.
 44161 | Elf:3    | Entered Level 3 of the Elven Halls
 44483 | Elf:3    | Received a gift from Nemelex Xobeh
 44595 | Elf:3    | Reached XP level 22. HP: 158/175 MP: 30/34
 45106 | Elf:3    | Identified the +2 mace "Tixuk" {freeze, Str+2 Int+3}
 45201 | Elf:3    | Identified the staff of Thoughtfulness {rN+ Str+5 Dex+2
                  | Conj Necro Ice}
 45728 | Elf:3    | Identified the +1 scimitar of the Intense God {flame, rCorr
                  | Str+2}
 45740 | Elf:3    | Identified the +8 war axe of the Sheltering Gods {speed,
                  | Fly rCorr Str-2}
 46367 | Elf:3    | Identified the staff "Foekan" {rF- Dex+7 Stlth+ Conj}
 46381 | Elf:3    | Identified the +4 shortbow of Ifeh {speed, rPois MP+9 Str-2
                  | Int+4}
 46934 | Slime:1  | Entered Level 1 of the Pits of Slime
 47055 | Slime:3  | Reached skill level 18 in Invocations
 47071 | Slime:3  | Noticed Dissolution
 47093 | Slime:3  | Killed Dissolution
 47094 | Slime:3  | Reached skill level 18 in Dodging
 47593 | Slime:5  | Entered Level 5 of the Pits of Slime
 48454 | Slime:4  | Received a gift from Nemelex Xobeh
 48798 | Slime:5  | Noticed the Royal Jelly
 48802 | Slime:5  | the Royal Jelly changed into a golden dragon shaped Royal
                  | Jelly
 48802 | Slime:5  | Noticed a golden dragon shaped Royal Jelly
 49596 | Slime:5  | Killed a golden dragon shaped Royal Jelly
 49634 | Slime:5  | Got Bayghei's Compilation of Vile Burning
 49641 | Slime:5  | Identified the staff of Inference {*Corrode +Blink rElec
                  | Air Earth}
 49649 | Slime:5  | Identified the ring "Cikhan Voasm" {rElec rF+ rC- rCorr
                  | Dex+3}
 49691 | Slime:5  | Got a slimy rune of Zot
 49692 | Slime:5  | Identified the staff of Inflation {rF+ Str+8 Dex+3 Stlth-
                  | Fire Air}
 49709 | Slime:5  | Identified the +5 war axe "Wiurobb" {drain, rPois Str+4}
 49725 | Slime:5  | Identified the ring "Zoegg" {Fly Dex+3}
 50138 | Depths:1 | Entered Level 1 of the Depths
 50138 | Depths:1 | Found a one-way gate to the infinite horrors of the Abyss.
 50242 | Depths:1 | Reached skill level 19 in Invocations
 50451 | Depths:1 | Reached XP level 23. HP: 181/181 MP: 36/36
 50588 | Depths:1 | Found a gateway to Hell.
 50675 | Depths:1 | Reached skill level 19 in Dodging
 50690 | Depths:1 | Noticed Sojobo
 50817 | Depths:1 | Received a gift from Nemelex Xobeh
 50868 | Depths:1 | Killed Sojobo
 52018 | Depths:2 | Received a gift from Nemelex Xobeh
 52254 | Depths:2 | Reached skill level 20 in Invocations
 53053 | Depths:3 | Reached skill level 20 in Dodging
 53186 | Depths:3 | Received a gift from Nemelex Xobeh
 53457 | Depths:3 | Found a hide-covered altar of Uskayaw.
 53628 | Depths:3 | Found a one-way gateway to a ziggurat.
 53643 | Depths:3 | Received a gift from Nemelex Xobeh
 53724 | Depths:4 | Entered Level 4 of the Depths
 54175 | Depths:4 | Reached skill level 21 in Invocations
 54380 | Depths:4 | Received a gift from Nemelex Xobeh
 54566 | Depths:4 | Reached XP level 24. HP: 188/188 MP: 37/37
 54601 | Depths:4 | Noticed Jory
 54720 | Depths:4 | Killed Jory
 54827 | Depths:4 | Identified the ring of Qogodat {rElec Str+6 Int+2 Dex-5}
 55064 | Depths:4 | Found a gate to the Realm of Zot.
 55133 | Depths:4 | Identified the +3 robe of the Pink Corner {rElec Will+
                  | Int+4}
 55164 | Depths:4 | Found a runed translucent door.
 55878 | Crypt:3  | Identified the +2 leather armour of the Evening {rC+ Int+3}
 56103 | Vaults:5 | Entered Level 5 of the Vaults
 56103 | Vaults:5 | Received a gift from Nemelex Xobeh
 56409 | Vaults:5 | Reached skill level 22 in Invocations
 56642 | Vaults:5 | Identified the +2 war axe "Demonslayer" {holy, rPois}
 57270 | Vaults:5 | Identified the ring of Morality {^Contam rElec Str+3 Int+6}
 57825 | Vaults:5 | Noticed an ancient lich
 57834 | Vaults:5 | Noticed an ancient lich
 58280 | Vaults:5 | Reached skill level 23 in Invocations
 58498 | Vaults:5 | Identified the +3 plate armour "Ycuumpa" {Will+}
 58560 | Vaults:5 | Killed an ancient lich
 59513 | Vaults:5 | Identified the +3 troll leather armour "Imywn" {*Corrode
                  | rElec rN+++ Regen+ SInv}
 60492 | Vaults:5 | Received a gift from Nemelex Xobeh
 60572 | Vaults:5 | Reached skill level 24 in Invocations
 60655 | Vaults:5 | Identified the staff of Noisk {rElec rC+ Int+6 Air}
 60719 | Vaults:5 | Got a silver rune of Zot
 61272 | Vaults:5 | Killed an ancient lich
 61273 | Vaults:5 | Reached XP level 25. HP: 98/194 MP: 19/39
 61784 | Vaults:5 | Received a gift from Nemelex Xobeh
 61881 | Vaults:5 | Found Rova Att's Distillery.
 62058 | Vaults:3 | You paid a toll of +4 fire dragon scales to enter a
                  | treasure trove
 62059 | Trove    | Entered a treasure trove
 62059 | Trove    | Found the +7 Kryia's mail coat {PotionHeal*2 rC+}
 62080 | Trove    | Got the Verses on Ill Luck and the Blaze
 62090 | Trove    | Identified the +1 pair of boots "Odokos" {rC+ Int-5 Dex+3}
 62428 | Zot:1    | Entered Level 1 of the Realm of Zot
 62790 | Zot:1    | Reached skill level 25 in Invocations
 63044 | Zot:1    | Identified the +8 arbalest of Responsibility {elec, Will-
                  | rCorr Int+6 Dex-4}
 63376 | Zot:1    | Received a gift from Nemelex Xobeh
 64669 | Zot:2    | Reached skill level 26 in Invocations
 65413 | Zot:2    | Received a gift from Nemelex Xobeh
 65467 | Zot:2    | Identified the +3 whip of Anger {flame, rC+ MP-9 Str+5}
 65581 | Zot:2    | Received a gift from Nemelex Xobeh
 66055 | Zot:3    | Noticed Vv
 67056 | Zot:3    | Reached skill level 27 in Invocations
 67378 | Zot:3    | Killed Vv
 67524 | Zot:3    | Reached XP level 26. HP: 201/201 MP: 40/40
 67831 | Zot:3    | Received a gift from Nemelex Xobeh
 68863 | Zot:4    | Reached skill level 16 in Fighting
 68917 | Zot:4    | Reached skill level 21 in Dodging
 69448 | Zot:4    | Received a gift from Nemelex Xobeh
 69575 | Zot:4    | Reached skill level 17 in Fighting
 69593 | Zot:4    | Reached skill level 22 in Dodging
 69918 | Zot:4    | Received a gift from Nemelex Xobeh
 70170 | Zot:4    | Found the +4 dragonskin cloak
 70170 | Zot:4    | Noticed Tiamat
 70753 | Zot:4    | Identified the +3 long sword of Padetz {flame, Int+2 SInv}
 70774 | Zot:4    | Killed Tiamat
 70807 | Zot:4    | Identified the staff of Fortitude {rN+ Int+4 Necro}
 70812 | Zot:4    | Identified the +1 chain mail of Indecent Exposure {rElec
                  | rN+ Regen+}
 70839 | Zot:4    | Identified the staff "Ultimatum" {rC+ Will+ Str+2 Ice}
 71043 | Zot:5    | Entered Level 5 of the Realm of Zot
 71048 | Zot:5    | Learned a level 2 spell: Blink
 71178 | Zot:5    | Reached skill level 1 in Translocations
 71183 | Zot:5    | Found a huge runed translucent gate.
 71202 | Zot:5    | Found a huge runed translucent gate.
 71203 | Zot:5    | Found a huge runed translucent gate.
 71203 | Zot:5    | Found a huge runed translucent gate.
 71204 | Zot:5    | Found a huge runed translucent gate.
 71204 | Zot:5    | Found a huge runed translucent gate.
 71205 | Zot:5    | Found a huge runed translucent gate.
 71206 | Zot:5    | Found a huge runed translucent gate.
 71207 | Zot:5    | Found a huge runed translucent gate.
 71208 | Zot:5    | Found a huge runed translucent gate.
 71209 | Zot:5    | Found a huge runed translucent gate.
 71210 | Zot:5    | Found a huge runed translucent gate.
 71211 | Zot:5    | Found a huge runed translucent gate.
 71212 | Zot:5    | Found a huge runed translucent gate.
 71217 | Zot:5    | Found a huge runed translucent gate.
 71217 | Zot:5    | Found a huge runed translucent gate.
 71222 | Zot:5    | Found a huge runed translucent gate.
 71224 | Zot:5    | Found a huge runed translucent gate.
 71226 | Zot:5    | Found a huge runed translucent gate.
 71228 | Zot:5    | Found a huge runed translucent gate.
 71256 | Zot:5    | Found a huge runed translucent gate.
 71258 | Zot:5    | Found a huge runed translucent gate.
 71258 | Zot:5    | Found a huge runed translucent gate.
 71291 | Zot:5    | Found a huge runed translucent gate.
 71294 | Zot:5    | Found a huge runed translucent gate.
 71295 | Zot:5    | Found a huge runed translucent gate.
 71296 | Zot:5    | Found a huge runed translucent gate.
 71297 | Zot:5    | Found a huge runed translucent gate.
 71298 | Zot:5    | Found a huge runed translucent gate.
 71299 | Zot:5    | Found a huge runed translucent gate.
 71300 | Zot:5    | Found a huge runed translucent gate.
 71301 | Zot:5    | Found a huge runed translucent gate.
 71302 | Zot:5    | Found a huge runed translucent gate.
 71302 | Zot:5    | Found a huge runed translucent gate.
 71305 | Zot:5    | Found a huge runed translucent gate.
 71309 | Zot:5    | Found a huge runed translucent gate.
 71390 | Zot:5    | Reached skill level 2 in Translocations
 71558 | Zot:5    | Reached skill level 3 in Translocations
 72091 | Zot:5    | Received a gift from Nemelex Xobeh
 72315 | Zot:5    | Reached skill level 4 in Translocations
 72558 | Zot:5    | Reached XP level 27. HP: 217/217 MP: 40/40
 72577 | Zot:5    | Noticed an orb of fire
 72589 | Zot:5    | Killed an orb of fire
 72590 | Zot:5    | Reached skill level 5 in Translocations
 72603 | Zot:5    | Reached skill level 6 in Translocations
 72690 | Zot:5    | Noticed an orb of fire
 72693 | Zot:5    | Identified the -1 long sword of the Lesser Evil {freeze,
                  | rElec rPois}
 72699 | Zot:5    | Noticed an ancient lich
 72703 | Zot:5    | Killed an orb of fire
 72710 | Zot:5    | Killed an ancient lich
 72711 | Zot:5    | Reached skill level 7 in Translocations
 72833 | Zot:5    | Noticed a dread lich
 72848 | Zot:5    | Killed a dread lich
 72861 | Zot:5    | Reached skill level 8 in Translocations
 73109 | Zot:5    | Reached skill level 9 in Translocations
 73214 | Zot:5    | Reached skill level 18 in Fighting
 73426 | Zot:5    | Got the Orb of Zot
 74064 | D:$      | Escaped with the Orb!

Illustrated notes

Levels and vault maps discovered:
D:1:      minmay_arrival_jagged, layout_rooms, minmay_crystal_room,
          minmay_misc_feat_square
D:2:      layout_basic, basic_altar, uniq_jessica
D:3:      layout_basic
D:4:      layout_cave_pods, mainiacjoe_overflow_small_starburst,
          mainiacjoe_overflow_24_doors, nicolae_ossuary_entry_catacombs,
          nicolae_eternal_life
D:5:      layout_gridville, kennysheep_mini, kennysheep_mini_moat,
          temple_statues, uniq_crazy_yiuf_cottage
D:6:      layout_loops_corners, fedhas_altar_decomposition,
          gup_sewer_entry_bowl, uniq_jeremiah
D:7:      layout_gridville, minmay_misc_feat_tiny, nicolae_figureground_sparkle,
          uniq_duvessa
D:8:      minmay_tri_box, layout_rooms, uniq_grum, uniq_erica
D:9:      layout_gridville, nicolae_tso_swordbearing_angel,
          mainiacjoe_overflow_alcove_1, chequers_serial_rivers_micro_e
D:10:     layout_long_grid, due_lair_maze_entry_diamond
D:11:     layout_roguey, muffindrake_ghost_dual_entry
D:12:     layout_basic, serial_shops, shop, uniq_sonja, uniq_frances
D:13:     nzn_winding_woodlands_stair_trap
          [nzn_winding_woodlands_5x15_longhouse,
          nzn_winding_woodlands_5x15_zeroes, nzn_winding_woodlands_5x15_parted,
          nzn_winding_woodlands_15x15_killbox, nzn_winding_woodlands_5x15_twine,
          nzn_winding_woodlands_5x15_concentric,
          nzn_winding_woodlands_5x15_river_crossing], layout_long_grid,
          uniq_urug
D:14:     layout_stronghold, hellmonk_vaults_order_and_chaos,
          kennysheep_cross_bottleneck
D:15:     hangedman_depths_entry_try_elsewhere_first, layout_loops_ring,
          lemuel_tele_altar, uniq_josephine, uniq_roxanne
Temple:   regret_index_temple_waves
Lair:1:   layout_hall_layers
Lair:2:   layout_loops_ring, shoals_dummy_entry
Lair:3:   layout_chaotic_city, nicolae_spider_entry_lesser_pyramids, uniq_snorg
Lair:4:   layout_regular_city, beast_lair_carwin_9, lemuel_fruit_tree
Lair:5:   hangedman_lair_in_review, layout_regular_city, slime_entry_1
Shoals:1: layout_shoals, uniq_jorgrun
Shoals:2: cheibrodos_shoals_satyrical_garden, layout_shoals,
          nicolae_shoals_spectral_cove, uniq_louise, uniq_ilsuiw
Shoals:3: layout_shoals
Shoals:4: shoals_end_hellmonk_holy_island, serial_shops
Spider:1: layout_spider_delve
Spider:2: layout_spider_delve, drop_trap, uniq_azrael, uniq_arachne
Spider:3: layout_spider_delve, portal_ice_cave_entry_pillars_four
Spider:4: hellmonk_spider_rune_endless_swarm
Slime:1:  layout_caves
Slime:2:  layout_caves
Slime:3:  layout_caves, uniq_dissolution
Slime:4:  layout_caves
Slime:5:  slime_pit
Orc:1:    layout_caves
Orc:2:    pf_orc_diabolical, layout_caves, serial_shops, shop,
          gammafunk_ghost_arena
Elf:1:    minmay_elf_arrival_plus, layout_onion_city, serial_shops,
          nicolae_shop_temple_entry_statues_fountains, minmay_elf_necromancy,
          hangedman_elven_pyramids, hangedman_summoners_spam,
          lemuel_upstairs_altar
Elf:2:    nicolae_elf_blades_crystal_corner, layout_gridlike, serial_shops,
          nicolae_shop_hallway_plus, drop_trap
Elf:3:    elf_hall, layout_loops_cross
Vaults:1: grunt_vaults_hallway_short, nicolae_vaults_inception_network,
          nicolae_vaults_meiosis, nicolae_vaults_network_square, v_rooms_3,
          v_misc_16, hangedman_vaults_slice,
          nicolae_vaults_trapezoid_lopsided_4, ontoclasm_vaults_ring_small,
          ontoclasm_vaults_shuriken, ontoclasm_vaults_gateway,
          nicolae_vaults_network_s, vaults_room_grunt_arrival_ludios,
          nicolae_vaults_prndl, grunt_vaults_focal,
          nicolae_vaults_tetromino_L_2, layout_vaults_omnibox, serial_glass
Vaults:2: ontoclasm_vaults_fault, vaults_dpeg_spiral, vaults_standard_mumra_x,
          hangedman_vaults_hat, nicolae_vaults_closet_pinwheel_6, v_misc_16,
          nicolae_vaults_wine_cellar, nicolae_vaults_ring_of_whatevers,
          hangedman_vaults_pinch, layout_vaults_maze_bifur, serial_shops, shop
Vaults:3: minmay_crypt_entry_vampire_xt, vaults_room_grid,
          nicolae_vaults_more_shelving_1, grunt_vaults_diagonal,
          hangedman_vaults_corner_blocks, dpeg_vaults_monster_box,
          nicolae_vaults_spaceships, nicolae_vaults_sealed_display,
          nicolae_vaults_ring_of_whatevers, v_alt_pattern_2,
          layout_vaults_quadrants, nicolae_trove_entry_free_sample, uniq_margery
Vaults:4: v_misc_11, nicolae_vaults_tetromino_L_2, nicolae_vaults_triangles,
          nicolae_vaults_doubleplus_tesselated, nicolae_vaults_little_squares_6,
          gargoyle_guard, v_misc_1, v_alt_pattern_1,
          vaults_standard_mumra_lines, hangedman_vaults_stretched_pinwheel,
          nicolae_vaults_sesquioval_fish, nicolae_vaults_hexular_roomagon,
          layout_vaults_omnicross
Vaults:5: serial_shops
Crypt:1:  layout_gridlike, minivault_11, grunt_crypt_arrival_split
Crypt:2:  layout_misc_corridors, minmay_misc_feat_five, st_stairs_4
Crypt:3:  church_of_pain_bobbens, layout_chaotic_city,
          nicolae_tomb_entry_unfolded_pyramid_orthogonal,
          minmay_strange_pillars, lemuel_freeze_loot_1
Depths:1: layout_roguey, hangedman_geh_valley, serial_rivers,
          chequers_serial_rivers_room_a, chequers_serial_rivers_micro_a,
          chequers_serial_rivers_marsh, chequers_serial_rivers_large_b,
          abyss_entry, nicolae_wwwww, kennysheep_generic_room_4, uniq_sojobo
Depths:2: thingy_vault, layout_cave_shapes, serial_library_hellmonk_junction,
          rand_demon_pan_entry_7, hell_entry, minmay_misc_feat_diagonals
Depths:3: mu_elephants_graveyard, layout_cave_shapes, enter_ziggurat_d,
          nicolae_uskayaw_en_pointe, abyss_entry_small_statue_room,
          hangedman_tar_grid_catacomb, grunt_pan_entry_in_and_out
Depths:4: grunt_twist_and_shout, layout_long_grid, elyvilon_altar_4,
          abyss_entry, hell_entry, lemuel_angel_altar,
          infiniplex_staircase_pool_lava, uniq_jory
Zot:1:    layout_misc_corridors, st_stairs_5, uniq_josephina
Zot:2:    regret_index_zot_pan_timeshare, layout_basic
Zot:3:    layout_misc_corridors, uniq_vv
Zot:4:    lemuel_halls_of_wrath, layout_cellular_growth, grunt_ministairs_13,
          st_grand_hoard_of_tiamat
Zot:5:    layout_cathedral_of_symmetry, door_vault

Skill      XL: |  1  2  3  4  5  6  7  8  9 10 11 12 13 14 15 16 17 18 19 20 21 22 23 24 25 26 27 |
---------------+----------------------------------------------------------------------------------+-----
Ranged Weapons | 4 5 6 7 9 10 12 14 15 16 17 18 19 20 21 | 21.3
Stealth        | 2 4 |  4.0
Fighting       | 3 4 6 7 8 10 11 12 13 15 17 18 | 18.1
Invocations    | 3 4 5 6 8 10 11 13 15 17 19 21 24 27 | 27.0
Dodging        | 4 6 8 9 10 11 12 13 15 17 18 20 22 | 22.7
Armour         | 4 6 8 9 10 | 10.0
Translocations | 4 9 |  9.0

Action                     |  1- 3 |  4- 6 |  7- 9 | 10-12 | 13-15 | 16-18 | 19-21 | 22-24 | 25-27 || total
---------------------------+-------+-------+-------+-------+-------+-------+-------+-------+-------++-------
  Melee: Longbow           |       |       |       |       |       |    13 |       |       |       ||    13
         Trident           |       |       |       |       |       |       |       |     8 |       ||     8
   Fire: Shortbow          |    80 |   241 |    27 |       |       |       |       |       |       ||   348
         Longbow           |       |       |   250 |   556 |   862 |  1242 |  1605 |  1803 |  1425 ||  7743
  Throw: Dart              |       |     4 |       |       |       |       |       |       |       ||     4
         Throwing net      |       |       |       |       |       |       |       |     2 |       ||     2
   Cast: Apportation       |       |       |       |       |       |       |       |       |     3 ||     3
 Invoke: Draw Escape       |       |       |       |     5 |     5 |     1 |       |     1 |       ||    12
         Draw Summoning    |       |       |       |     7 |     8 |    15 |     8 |    14 |     7 ||    59
         Draw Destruction  |       |       |       |     8 |    17 |    22 |     4 |     9 |     5 ||    65
         Stack Five        |       |       |       |     1 |       |     1 |       |     1 |       ||     3
         Draw Stack        |       |       |       |     1 |       |     1 |       |     1 |     1 ||     4
         Deal Four         |       |       |       |       |     1 |       |       |     4 |     4 ||     9
         Triple Draw       |       |       |       |       |       |     1 |       |     6 |     2 ||     9
  Evoke: Wand              |       |       |     9 |       |    22 |    13 |     2 |    15 |       ||    61
         Condenser vane    |       |       |       |       |       |       |       |     2 |       ||     2
         Phantom mirror    |       |       |       |       |       |       |       |     2 |       ||     2
         Box of beasts     |       |       |       |       |       |       |       |     1 |       ||     1
    Use: Scroll            |     3 |       |    14 |     6 |     9 |     8 |     2 |    17 |    23 ||    82
 Armour: Leather armour    |    21 |    59 |   157 |   149 |       |       |       |       |       ||   386
         Robe              |       |       |       |   136 |   254 |       |       |       |       ||   390
         Troll leather arm |       |       |       |       |   139 |   545 |   580 |   538 |   477 ||  2279
  Dodge: Dodged            |    10 |    52 |   130 |   294 |   385 |   727 |   867 |   826 |   994 ||  4285

Table legend:
 A = Kills in this place as a percentage of kills in the entire game.
 B = Kills by you in this place as a percentage of kills by you in the entire game.
 C = Kills by friends in this place as a percentage of kills by friends in the entire game.
 D = Other kills in this place as a percentage of other kills in the entire game.
 E = Experience gained in this place as a percentage of experience gained in the entire game.
 F = Experience gained in this place divided by the number of levels of this place that you have seen.
                   A       B       C       D       E      F
               +-------+-------+-------+-------+-------+----------------------
         Total | 100.0 | 100.0 | 100.0 | 100.0 | 100.0 | 26198.6
       Dungeon |  16.9 |  16.9 |  16.1 |   0.0 |   5.8 | 6128.3
          Lair |   7.0 |   6.8 |  14.5 |  20.0 |   3.5 | 11011.2
        Shoals |   5.7 |   5.8 |   1.6 |   0.0 |   5.0 | 19685.0
   Spider Nest |   6.6 |   6.2 |  24.2 |   0.0 |   4.6 | 18049.2
    Slime Pits |   4.0 |   3.9 |   6.5 |   0.0 |   4.8 | 15149.2
  Orcish Mines |   5.6 |   5.3 |  17.7 |   0.0 |   1.6 | 12477.0
   Elven Halls |   4.2 |   4.3 |   0.0 |  20.0 |   5.1 | 26501.3
        Vaults |  18.5 |  18.6 |  16.1 |   0.0 |  23.3 | 73166.2
         Crypt |   7.2 |   7.4 |   0.0 |   0.0 |   7.1 | 37368.0
        Depths |   8.7 |   8.8 |   3.2 |  20.0 |  12.8 | 50417.5
           Zot |  13.5 |  13.8 |   0.0 |  40.0 |  25.4 | 79701.8
         Sewer |   0.3 |   0.3 |   0.0 |   0.0 |   0.0 | 329.0
       Ossuary |   0.7 |   0.7 |   0.0 |   0.0 |   0.0 | 152.0
      Ice Cave |   1.3 |   1.3 |   0.0 |   0.0 |   1.0 | 15198.0
               +-------+-------+-------+-------+-------+----------------------

Table legend: (Time is in decaauts)
 A = Elapsed time spent in this place.
 B = Non-inter-level travel time spent in this place.
 C = Inter-level travel time spent in this place.
 D = Time resting spent in this place.
 E = Time spent auto-exploring this place.
 F = Levels seen in this place.
 G = Mean time per level.
                   A        B        C        D        E       F      G
               +--------+--------+--------+--------+--------+-----+--------+
         Total |  75925 |  69870 |   6055 |  18369 |  29940 |  60 | 1265.4 |
       Dungeon |  17159 |  14984 |   2175 |   1859 |   8213 |  15 | 1143.9 |
        Temple |     90 |      2 |     88 |      0 |      0 |   1 |   90.0 |
          Lair |   5671 |   5071 |    600 |    287 |   3341 |   5 | 1134.2 |
        Shoals |   3934 |   3799 |    135 |    295 |   1594 |   4 |  983.5 |
   Spider Nest |   3158 |   2984 |    174 |    161 |   1496 |   4 |  789.5 |
    Slime Pits |   2902 |   2747 |    155 |   1843 |    150 |   5 |  580.4 |
  Orcish Mines |   2885 |   2598 |    287 |    736 |    731 |   2 | 1442.5 |
   Elven Halls |   4206 |   4056 |    150 |   1356 |   1751 |   3 | 1402.0 |
        Vaults |  13179 |  12425 |    754 |   4504 |   5132 |   5 | 2635.8 |
         Crypt |   4777 |   4260 |    517 |    933 |   1932 |   3 | 1592.3 |
        Depths |   5742 |   5407 |    335 |   1187 |   2688 |   4 | 1435.5 |
           Zot |  11288 |  10608 |    680 |   5144 |   2911 |   5 | 2257.6 |
         Trove |     62 |     62 |      0 |      0 |      0 |   1 |   62.0 |
         Sewer |    129 |    129 |      0 |      0 |      0 |   1 |  129.0 |
       Ossuary |    294 |    294 |      0 |     19 |      0 |   1 |  294.0 |
      Ice Cave |    442 |    442 |      0 |     42 |      0 |   1 |  442.0 |
               +--------+--------+--------+--------+--------+-----+--------+

Top non-repeatable levels by time:
Vaults:5: 5922 daAuts
   Zot:2: 2875 daAuts
 Crypt:3: 2763 daAuts
   Elf:3: 2518 daAuts
   Zot:5: 2462 daAuts
   Zot:4: 2459 daAuts
   Orc:2: 2085 daAuts
Vaults:1: 2043 daAuts
   Zot:3: 2018 daAuts
    D:12: 1924 daAuts
Vaults:2: 1796 daAuts
Depths:4: 1770 daAuts
    D:10: 1754 daAuts
Vaults:3: 1743 daAuts
    D:13: 1704 daAuts
